 Dungeon Crawl Stone Soup version 0.21-a0-641-geef9d7f (webtiles) character file.

1849 mopl the Cleaver (level 8, -2/94 HPs)
             Began as a Demonspawn Wanderer on Dec 30, 2017.
             Slain by TheDeThijs's ghost (3 damage)
             ... on level 6 of the Dungeon.
             The game lasted 00:11:55 (5294 turns).

mopl the Cleaver (Demonspawn Wanderer)              Turns: 5294, Time: 00:11:56

Health: -2/94      AC: 12    Str: 20    XL:     8   Next: 88%
Magic:  0/11       EV: 11    Int: 14    God:
Gold:   453        SH:  0    Dex: 12    Spells: 8/11 levels left

rFire    . . .     SeeInvis +   a - +2 hand axe (venom)
rCold    . . .     Gourm    .   (no shield)
rNeg     . . .     Faith    .   u - +0 chain mail
rPois    .         Spirit   +   G - +0 helmet
rElec    .         Reflect  .   s - +0 cloak
rCorr    .         Harm     .   I - +1 pair of gloves
MR       .....                  (no boots)
Stlth    ..........             (no amulet)
HPRegen  0.25/turn              x - ring of see invisible
MPRegen  0.24/turn              F - +4 ring of evasion

@: berserking, very quick
A: hooves 2, magic shield, magic regeneration
a: no special abilities


You were on level 6 of the Dungeon.
You were not hungry.

You visited 1 branch of the dungeon, and saw 6 of its levels.
You also visited: Sewer.

You collected 453 gold pieces.

Inventory:

Hand Weapons
 a - a +2 hand axe of venom (weapon)
 b - a +2 blowgun
 d - a +4 quarterstaff of chaos
 o - a +0 spear
 v - a +0 glaive
 B - a +2 trident of flaming
 K - the +4 mace of Suicidal Tendencies {crush, rF+ MP+9}
   (You found it on level 4 of the Dungeon)

   It inflicts extra damage upon your enemies.
   It protects you from fire.
   It affects your magic capacity (+9).
Missiles
 r - 3 curare-tipped needles
 H - 15 poisoned needles
Armour
 s - a +0 cloak (worn)
 u - a +0 chain mail (worn)
 G - a +0 helmet (worn)
 I - a +1 pair of gloves (worn)
Magical Staves
 N - an uncursed staff of summoning {!a}
Jewellery
 x - a ring of see invisible (left hand)
 F - a +4 ring of evasion (right hand)
Wands
 c - a wand of flame (41)
 h - a wand of polymorph (17)
 w - a wand of iceblast (7)
 J - a wand of paralysis (12)
Scrolls
 g - 4 scrolls of remove curse
 j - 8 scrolls of teleportation
 q - a scroll of noise {unknown}
 t - 3 scrolls of magic mapping {unknown}
 y - 2 scrolls of amnesia {unknown}
 C - 2 scrolls of enchant armour {unknown}
 D - a scroll of random uselessness {unknown}
 E - a scroll of immolation {unknown}
Potions
 e - 2 potions of heal wounds
 i - 2 potions of agility
 k - 2 potions of brilliance
 n - 2 potions of might
 p - 3 potions of flight
 z - a potion of invisibility
 A - 3 potions of curing
 L - a potion of magic
 M - a potion of cancellation
Comestibles
 f - 14 rations
 m - 4 chunks of flesh


   Skills:
 + Level 5.4 Fighting
 * Level 9.5 Axes
 - Level 1.7 Throwing
 + Level 0.6 Armour
 + Level 0.6 Dodging
 - Level 2.0 Spellcasting
   Level 2.6 Ice Magic


You had 8 spell levels left.
You knew the following spells:

 Your Spells              Type           Power        Failure   Level  Hunger
r - Regeneration          Chrm/Necr      #.........   100%        3    ####...


Dungeon Overview and Level Annotations

Branches:
Dungeon (6/15)
 Temple: D:4-7

Altars:
Fedhas
Sif Muna
Uskayaw

Annotations:
D:3 exclusion: oklob plant
D:6 TheDeThijs's ghost, novice MfGl


Innate Abilities, Weirdness & Mutations

You have hoof-like feet.
When hurt, damage is shared between your health and your magic reserves.
You regenerate magic rapidly.


Message History

You completely miss TheDeThijs's ghost. Your kick misses TheDeThijs's ghost.
Your chain mail prevents you from hitting TheDeThijs's ghost.
Your kick misses TheDeThijs's ghost. TheDeThijs's ghost hits you!
You barely miss TheDeThijs's ghost. Your kick misses TheDeThijs's ghost.
You hit TheDeThijs's ghost. Your kick misses TheDeThijs's ghost.
TheDeThijs's ghost is lightly damaged.
TheDeThijs's ghost hits you!
* * * LOW HITPOINT WARNING * * *
x2 You closely miss TheDeThijs's ghost.
TheDeThijs's ghost is lightly damaged.
You slash TheDeThijs's ghost!
TheDeThijs's ghost is moderately damaged.
TheDeThijs's ghost barely misses you.
You slash TheDeThijs's ghost!
TheDeThijs's ghost is heavily damaged.
You hit TheDeThijs's ghost. You kick TheDeThijs's ghost!
TheDeThijs's ghost is severely damaged.
TheDeThijs's ghost hits you!!
* * * LOW HITPOINT WARNING * * *
You die...

#################
.........@W......
######.######.##
#.## #... #..#
#..# ##.# #..#
#.# #..# #.# #..#
#.## #..#
#..###..#


You could see TheDeThijs's ghost.

Vanquished Creatures
  Sigmund (D:2)
  2 sky beasts (D:5)
  3 ogres
  A big kobold (D:5)
  4 bullfrogs
  A scorpion (D:6)
  4 crimson imps
  Crazy Yiuf (D:4)
  A hound (D:4)
  2 orc priests
  A gnoll shaman (D:5)
  3 orc wizards
  Jessica (D:2)
  A bullfrog skeleton (D:4)
  Ijyb (D:4)
  4 worker ants
  A hound skeleton (D:5)
  Robin (D:3)
  9 adders
  3 gnolls (D:4)
  8 oozes (Sewer)
  An adder skeleton (D:5)
  5 worms
  2 dart slugs
  8 leopard geckos
  17 orcs
  13 ball pythons
  5 bats
  18 giant cockroaches
  13 goblins
  10 hobgoblins
  3 jackals (D:2)
  9 kobolds
  4 quokkas
  A ball python zombie (D:5)
  11 frilled lizards (Sewer)
  A jackal skeleton (D:5)
  9 rats
  2 bushes (D:5)
  A fungus (D:1)
  2 plants (D:5)
188 creatures vanquished.

Vanquished Creatures (others)
  A plant (D:5)
1 creature vanquished.

Grand Total: 189 creatures vanquished

Notes
Turn   | Place    | Note
-------+----------+-------------------------------------------
     0 | D:1      | mopl the Demonspawn Wanderer began the quest for the Orb.
     0 | D:1      | mopl set off with: 3 curare-tipped needles, a +2 blowgun, the Handbook of Stolen Souls, Winod's Almanac of the Mountains, a +0 robe, a ration
     0 | D:1      | Reached XP level 1. HP: 18/18 MP: 3/3
     1 | D:1      | Identified the Handbook of Stolen Souls
     1 | D:1      | Identified Winod's Almanac of the Mountains
   435 | D:1      | Gained mutation: When hurt, damage is shared between your health and your magic reserves. [demonic ancestry]
   435 | D:1      | Reached XP level 2. HP: 22/24 MP: 5/5
   736 | D:2      | Noticed Jessica
   751 | D:2      | Killed Jessica
   751 | D:2      | Reached skill level 4 in Fighting
   751 | D:2      | Gained mutation: You have large cloven feet. [demonic ancestry]
   751 | D:2      | Reached XP level 3. HP: 11/31 MP: 2/6
  1211 | D:2      | Reached skill level 1 in Axes
  1211 | D:2      | Reached XP level 4. HP: 33/38 MP: 7/7
  1438 | D:2      | Noticed Sigmund
  1498 | D:2      | Killed Sigmund
  1498 | D:2      | Reached skill level 5 in Fighting
  1498 | D:2      | Reached skill level 3 in Axes
  1498 | D:2      | Reached XP level 5. HP: 33/44 MP: 8/8
  1798 | D:3      | Gained mutation: You have hoof-like feet. [demonic ancestry]
  1798 | D:3      | Reached XP level 6. HP: 44/51 MP: 9/9
  1936 | D:3      | Noticed Robin
  1951 | D:3      | Killed Robin
  2017 | D:3      | Reached skill level 4 in Axes
  2090 | D:3      | Found a blossoming altar of Fedhas.
  2107 | D:3      | Noticed an oklob plant
  2635 | D:4      | Noticed Ijyb
  2653 | D:4      | Killed Ijyb
  2669 | D:4      | Noticed a dagger
  2670 | D:4      | Found a hide-covered altar of Uskayaw.
  2670 | D:4      | Noticed a dagger
  2955 | D:4      | Learned a level 3 spell: Regeneration
  2960 | D:4      | Found a runed door.
  2990 | D:4      | Found a deep blue altar of Sif Muna.
  3043 | D:4      | Reached skill level 5 in Axes
  3063 | D:4      | Gained mutation: You regenerate magic rapidly. [demonic ancestry]
  3063 | D:4      | Reached XP level 7. HP: 56/56 MP: 10/10
  3299 | D:4      | Noticed Crazy Yiuf
  3304 | D:4      | Killed Crazy Yiuf
  3316 | D:4      | Got a smoking mace
  3317 | D:4      | Identified the +4 mace of Suicidal Tendencies {crush, rF+ MP+9} (You found it on level 4 of the Dungeon)
  3348 | D:5      | Entered Level 5 of the Dungeon
  3408 | D:5      | Reached skill level 6 in Axes
  3512 | D:5      | Reached skill level 7 in Axes
  3722 | D:5      | Reached XP level 8. HP: 22/62 MP: 5/11
  4446 | D:6      | Reached skill level 8 in Axes
  4685 | D:6      | Found a glowing drain.
  4716 | Sewer    | Entered a sewer
  4999 | Sewer    | Reached skill level 9 in Axes
  5282 | D:6      | Noticed TheDeThijs's ghost (novice MfGl)
  5294 | D:6      | HP: 1/94 [TheDeThijs's ghost (16)]
  5294 | D:6      | Slain by TheDeThijs's ghost

Vault maps used:
D:1:      lightli_arrival_maybe_door_vault, supply_closet_lemuel,
          minmay_gold_behind_fungi, minivault_14, st_stairs_2
D:2:      minmay_roachtagon, uniq_jessica, uniq_sigmund
D:3:      tgw_fedhas, uniq_robin
D:4:      dancing_weapons_uskayaw, led_sif_pool, first_ration, uniq_ijyb,
          uniq_crazy_yiuf_cottage
D:5:      lexackson_kobold_supper
D:6:      regret_index_temple_of_mockery, cheibrodos_sewer_entry_bend
Sewer:    sewer_frog_island_02

Skill      XL: |  1  2  3  4  5  6  7  8 |
---------------+-------------------------+-----
Fighting       | 4 5 |  5.4
Axes           | 1 3 5 7 9 |  9.5
Throwing       | |  1.7
Armour         | |  0.6
Dodging        | |  0.6
Spellcasting   | |  2.0
Ice Magic      | |  2.6

Action                   |  1- 3 |  4- 6 |  7- 9 || total
-------------------------+-------+-------+-------++-------
Melee: Spear             |   126 |   103 |       ||   229
       Unarmed           |     8 |       |       ||     8
       Dagger            |     5 |       |       ||     5
       Kick              |     7 |    45 |    65 ||   117
       Trident           |       |   135 |     5 ||   140
       Hand axe          |       |       |   268 ||   268
       Quarterstaff      |       |       |    32 ||    32
       Mace              |       |       |     2 ||     2
 Fire: Blowgun           |       |     3 |     2 ||     5
  Use: Scroll            |       |     6 |     6 ||    12
       Potion            |       |       |     1 ||     1
 Stab: Sleeping          |     1 |       |       ||     1
       Petrified         |       |       |     1 ||     1
  Eat: Chunk             |     1 |     6 |     8 ||    15
Armor: Robe              |    12 |       |       ||    12
       Chain mail        |    30 |   134 |   144 ||   308
Dodge: Dodged            |    51 |    79 |   142 ||   272

Table legend:
 A = Spawn XP
 B = Non-spawn XP
 C = Spawn XP percentage of total XP
 D = Spawn monster count
 E = Non-spawn monster count
 F = Spawn count percentage of total count
 G = Total turns spent on level
                    A         B        C        D         E        F      G
               +---------+---------+-------+---------+---------+-------+---------
         Total |       0 |    2642 |   0.0 |       0 |     183 |   0.0 |  5294
               +---------+---------+-------+---------+---------+-------+---------
           D:1 |       0 |      28 |   0.0 |       0 |      14 |   0.0 |   725
           D:2 |       0 |     325 |   0.0 |       0 |      30 |   0.0 |   992
           D:3 |       0 |     143 |   0.0 |       0 |      25 |   0.0 |   916
           D:4 |       0 |     329 |   0.0 |       0 |      17 |   0.0 |   886
           D:5 |       0 |     850 |   0.0 |       0 |      33 |   0.0 |   909
           D:6 |       0 |     651 |   0.0 |       0 |      15 |   0.0 |   548
         Sewer |       0 |     316 |   0.0 |       0 |      49 |   0.0 |   318
               +---------+---------+-------+---------+---------+-------+---------
